cohdb
Replays
Latest Replays
All Replays
Popular Replays
Top Player Replays
Match Explorer
How It Works
Community
CoH3 Stats
Reddit
Sign in to upload your games and track your stats! →
Sign in with Steam
Match 43065076
Unlisted
Match 43065076
Overview
Messages
Build Orders
End
Pioneer Squad
Construct Infanterie Kompanie
Selects Breakthrough Battlegroup
Selects Assault Grenadiers
Grenadier Squad
Grenadier Squad
Grenadier Squad
Construct Luftwaffe Kompanie
Selects Rapid Production
221 Scout Car
Selects Breakthrough
MG 42 Machine Gun Team
GrW 34 Mortar Team
Construct Panzer Kompanie
Panzer IV Medium Tank
Medical Bunker
MG 42 Machine Gun Team
咚咚锵个腿
Gangil
0
0
Comments
sign in to comment!
No comments posted yet!